 Dungeon Crawl Stone Soup version 0.21-a0-401-g0b6bec4 (webtiles) character file.

116 kae the Digger (level 5, -15/28 HPs)
             Began as a Gargoyle Earth Elementalist on Oct 24, 2017.
             Demolished by Crazy Yiuf
             ... wielding a +2 quarterstaff of chaos
              (16 damage)
             ... on level 3 of the Dungeon.
             The game lasted 00:03:18 (3105 turns).

kae the Digger (Gargoyle Earth Elementalist)        Turns: 3105, Time: 00:03:19

Health: -15/28     AC:  7    Str: 15 (17) XL:     5   Next: 1%
Magic:  1/9        EV: 12    Int: 15 (16) God:
Gold:   110        SH:  0    Dex:  8 (10) Spells: 6/10 levels left

rFire    . . .     SeeInvis .   f - +0 club
rCold    . . .     Gourm    .   (no shield)
rNeg     + . .     Faith    .   c - +0 robe
rPois    ∞         Spirit   .   (no helmet)
rElec    +         Reflect  .   (no cloak)
rCorr    .         Harm     .   n - +0 pair of gloves
MR       .....     Rnd*Rage +   (no boots)
Stlth    ++........             (no amulet)
HPRegen  0.09/turn              (no ring)
MPRegen  0.11/turn              (no ring)

@: mighty, very slightly contaminated, hasted and slowed
A: big wings, berserk 1, blurry vision 1, negative energy resistance 1,
electricity resistance, unbreathing, petrification resistance, rot immunity, AC
+4
a: Fly


You were on level 3 of the Dungeon.
You were not hungry.

You visited 1 branch of the dungeon, and saw 3 of its levels.

You collected 110 gold pieces.

Inventory:

Hand Weapons
 f - a +0 club (weapon)
Missiles
 b - 100 stones (quivered)
Armour
 c - a +0 robe (worn)
 n - a +0 pair of gloves (worn)
Potions
 a - a potion of curing
 g - a potion of heal wounds
 h - 2 potions of mutation
 p - a potion of degeneration
Books
 e - a book of Geomancy

   Spells                             Type                      Level
   a - Sandblast                      Earth                        1
   b - Passwall                       Transmutation/Earth          2
   c - Stone Arrow                    Conjuration/Earth            3
   d - Petrify                        Transmutation/Earth          4
   e - Lee's Rapid Deconstruction     Earth                        5
Comestibles
 d - 3 bread rations
 l - 2 chunks of flesh


   Skills:
 - Level 1.5 Dodging
 - Level 2.1 Stealth
 + Level 3.2 Spellcasting
 + Level 2.0 Conjurations
   Level 0.7 Transmutations
 + Level 5.0 Earth Magic


You had 6 spell levels left.
You knew the following spells:

 Your Spells              Type           Power        Failure   Level  Hunger
a - Sandblast             Erth           ###...       2%          1    #......
b - Stone Arrow           Conj/Erth      ##....       14%         3    ###....


Dungeon Overview and Level Annotations

Branches:
Dungeon (3/15)

Altars:
Cheibriados
Wu Jian

Annotations:
D:3 1 runed door, Crazy Yiuf


Innate Abilities, Weirdness & Mutations

You are resistant to torment.
Your stone body is resilient. (AC +4)
You are immune to poison.
You resist negative energy. (rN+)
You are resistant to electric shocks. (rElec)
You can survive without breathing.
You are immune to petrification.
You are immune to rotting.
Your large and strong wings let you fly indefinitely.
You tend to lose your temper in combat.
Scrolls take you a little longer to read.


Message History

Crazy Yiuf hits you with a quarterstaff of chaos.
Crazy Yiuf freezes you.
You hit Crazy Yiuf.
Crazy Yiuf is heavily wounded.
Crazy Yiuf completely misses you.
Crazy Yiuf hits you with a quarterstaff of chaos.
Crazy Yiuf freezes you.
It was a potion of degeneration.
There was something very wrong with that liquid.
You feel weakened.
You feel dopey.
You feel clumsy.
Crazy Yiuf hits you with a quarterstaff of chaos.
It was a potion of haste.
You feel yourself speed up.
It was a potion of might.
You feel very mighty all of a sudden.
Crazy Yiuf hits you with a quarterstaff of chaos!
* * * LOW HITPOINT WARNING * * *
You feel yourself slow down. Crazy Yiuf hits you but does no damage.
Space warps horribly around you!
Ouch! That really hurt!
You die...

#####
#)..#
#g@.+
#...#
#####


You could see Crazy Yiuf.

Vanquished Creatures
  An orc wizard (D:2)
  Jessica (D:2)
  Robin (D:2)
  2 worms (D:2)
  4 orcs (D:2)
  9 goblins
  8 hobgoblins
  3 frilled lizards
  7 kobolds
  4 rats
40 creatures vanquished.

Notes
Turn   | Place    | Note
-------+----------+-------------------------------------------
     0 | D:1      | kae the Gargoyle Earth Elementalist began the quest for the Orb.
     0 | D:1      | Reached XP level 1. HP: 10/10 MP: 3/3
   479 | D:1      | Reached XP level 2. HP: 12/15 MP: 5/5
   681 | D:1      | Reached skill level 4 in Earth Magic
  1438 | D:2      | Noticed Robin
  1839 | D:1      | Reached XP level 3. HP: 13/19 MP: 4/6
  1844 | D:1      | Learned a level 3 spell: Stone Arrow
  1968 | D:2      | Killed Robin
  2041 | D:2      | Noticed Jessica
  2052 | D:2      | Killed Jessica
  2052 | D:2      | Reached skill level 1 in Conjurations
  2052 | D:2      | Reached XP level 4. HP: 23/24 MP: 1/8
  2165 | D:2      | Found an ornate altar of the Wu Jian Council.
  2203 | D:2      | Noticed Terence
  2205 | D:2      | Found a snail-covered altar of Cheibriados.
  2951 | D:2      | Reached skill level 5 in Earth Magic
  2970 | D:2      | Reached XP level 5. HP: 26/28 MP: 6/9
  3089 | D:3      | Found a runed door.
  3090 | D:3      | Noticed Crazy Yiuf
  3097 | D:3      | Gained mutation: You tend to lose your temper in combat. [potion of mutation]
  3097 | D:3      | Gained mutation: Scrolls take you a little longer to read. [potion of mutation]
  3097 | D:3      | Gained mutation: Your large and strong wings let you fly indefinitely. [potion of mutation]
  3104 | D:3      | HP: 1/28 [Crazy Yiuf/quarterstaff of chaos (10)]
  3105 | D:3      | Demolished by Crazy Yiuf

Vault maps used:
D:1:      erik_arrival_cave_to_civilisation
D:2:      cheibriados_altar_1, old_standard_altar, first_bread, uniq_robin,
          uniq_terence, uniq_jessica
D:3:      nicolae_overflow_hidden_temple, uniq_crazy_yiuf_cottage

Skill      XL: |  1  2  3  4 |
---------------+-------------+-----
Earth Magic    | 4 5 |  5.0
Spellcasting   | 3 |  3.2
Conjurations   | 1 2 |  2.0
Dodging        | |  1.5
Stealth        | |  2.1
Transmutations | |  0.7

Action                   |  1- 3 |  4- 6 || total
-------------------------+-------+-------++-------
Melee: Club              |    88 |    46 ||   134
       Unarmed           |     4 |       ||     4
 Cast: Sandblast         |    21 |    22 ||    43
       Stone Arrow       |     2 |     7 ||     9
  Use: Scroll            |       |     4 ||     4
       Potion            |       |     6 ||     6
 Stab: Sleeping          |     3 |       ||     3
  Eat: Chunk             |     4 |     1 ||     5
       Bread ration      |       |     1 ||     1
Armor: Robe              |    47 |    16 ||    63
Dodge: Dodged            |   103 |    41 ||   144

Table legend:
 A = Spawn XP
 B = Non-spawn XP
 C = Spawn XP percentage of total XP
 D = Spawn monster count
 E = Non-spawn monster count
 F = Spawn count percentage of total count
 G = Total turns spent on level
                    A         B        C        D         E        F      G
               +---------+---------+-------+---------+---------+-------+---------
         Total |       0 |     167 |   0.0 |       0 |      40 |   0.0 |  3105
               +---------+---------+-------+---------+---------+-------+---------
           D:1 |       0 |      39 |   0.0 |       0 |      23 |   0.0 |  1971
           D:2 |       0 |     128 |   0.0 |       0 |      17 |   0.0 |  1115
               +---------+---------+-------+---------+---------+-------+---------
